TOP OF THE 1ST |
Trenton Stars batting - Pitching for Waba Ducks : RHP Duane Carlson
|
Pitching: RHP Duane Carlson
|
|
Batting: RHB Aurelio Cruz
|
0-0: Called Strike 0-1: Swinging Strike 0-2: Ball 1-2: Fly out, F9 (Line Drive, 9LD)
|
Batting: RHB George Reeves
|
0-0: Ball 1-0: Ball 2-0: Called Strike 2-1: Called Strike 2-2: Ball 3-2: DOUBLE (Flyball, 7LD)
|
Batting: LHB Wes Thompson
|
0-0: Swinging Strike 0-1: Ball 1-1: Called Strike Throwing error on steal attempt, E2 George Reeves scores 1-2: Ball 2-2: Ball 3-2: Foul Ball, location: 2F 3-2: Base on Balls
|
Batting: LHB Pat Zimmerman
|
0-0: SINGLE (Groundball, 4MD) Wes Thompson to second
|
Batting: LHB Carl Hayden
|
0-0: Ball 1-0: Ball 2-0: Ball 3-0: Called Strike 3-1: Base on Balls Wes Thompson to third Pat Zimmerman to second
|
Batting: LHB Gerardo Guzmán
|
0-0: Called Strike 0-1: Foul Ball, location: 2F 0-2: Ball 1-2: Ball 2-2: SINGLE (Flyball, 7LS) Wes Thompson scores Pat Zimmerman to third Carl Hayden to second Runner from 3rd tries for Home, SAFE, no throw
|
Batting: RHB Bill Bourland
|
0-0: Ball 1-0: SINGLE (Line Drive, 56) Carl Hayden to third Gerardo Guzmán to second
|
Batting: RHB Jorge Flores
|
0-0: Ground out 5-3 (Groundball, 5S) Carl Hayden scores Gerardo Guzmán to third Bill Bourland to second
|
Batting: RHB Dan McKay
|
0-0: Ball 1-0: Ball 2-0: Ball 3-0: Called Strike 3-1: Foul Ball, location: 2F 3-2: Ground out 5-3 (Groundball, 5S)
|
Top of the 1st over - 4 runs, 4 hits, 1 error, 2 left on base; Trenton 4 - Waba 0 |
BOTTOM OF THE 1ST |
Waba Ducks batting - Pitching for Trenton Stars : RHP Darrell Stanley
|
Pitching: RHP Darrell Stanley
|
|
Batting: RHB Charles Lewis
|
0-0: SINGLE (Groundball, 56D)
|
Batting: RHB Gunner Allen
|
0-0: Called Strike Charles Lewis is caught stealing 2nd base 0-1: Ball 1-1: Called Strike 1-2: Ball 2-2: Ball 3-2: Base on Balls
|
Batting: RHB Gerald Burnett
|
0-0: Ball 1-0: Ball 2-0: DOUBLE (Line Drive, 78M) Gunner Allen to third
|
Batting: RHB Jimmy Simon
|
0-0: Called Strike 0-1: Ball Passed Ball! Gunner Allen scores Gerald Burnett to third 1-1: Called Strike Passed Ball! Gerald Burnett scores 1-2: Ball 2-2: SOLO HOME RUN (Flyball, 7LD), Distance : 344 ft
|
Batting: LHB Vincente Sáenz
|
0-0: Called Strike 0-1: Ball 1-1: Ball 2-1: Swinging Strike 2-2: Foul Ball, location: 2F 2-2: Ball 3-2: Strikes out looking
|
Batting: RHB Juan Vareas
|
0-0: Ball 1-0: SOLO HOME RUN (Line Drive, 78XD), Distance : 362 ft
|
Batting: RHB Francisco Castillo
|
0-0: Called Strike 0-1: Ball 1-1: Ball 2-1: Foul Ball, location: 2F 2-2: Ground out 6-3 (Groundball, 6)
|
Bottom of the 1st over - 4 runs, 4 hits, 0 errors, 0 left on base; Trenton 4 - Waba 4 |
TOP OF THE 2ND |
Trenton Stars batting - Pitching for Waba Ducks : RHP Duane Carlson
|
Batting: RHB Aurelio Cruz
|
0-0: Ball 1-0: Ground out 6-3 (Groundball, 6)
|
Batting: RHB George Reeves
|
0-0: Ball 1-0: Called Strike 1-1: Ball 2-1: Called Strike 2-2: Ball 3-2: Foul Ball, location: 2F 3-2: Foul Ball, location: 2F 3-2: Foul Ball, location: 2F 3-2: SINGLE (Groundball, 6MD)
|
Batting: LHB Wes Thompson
|
0-0: Ball 1-0: Foul Ball, location: 2F 1-1: Called Strike 1-2: Ball 2-2: Grounds into double play, 6-4-3 (Groundball, 6)
|
Top of the 2nd over - 0 runs, 1 hit, 0 errors, 0 left on base; Trenton 4 - Waba 4 |
BOTTOM OF THE 2ND |
Waba Ducks batting - Pitching for Trenton Stars : RHP Darrell Stanley
|
Batting: SHB John May
|
0-0: Foul Ball, location: 2F 0-1: Ball 1-1: Fly out, F6 (Line Drive, 6D)
|
Batting: RHB Jorge Castillo
|
0-0: Ball 1-0: Ground out 4-3 (Groundball, 4)
|
Batting: RHB Charles Lewis
|
0-0: Called Strike 0-1: Ball 1-1: Ball 2-1: Ball 3-1: Swinging Strike 3-2: Foul Ball, location: 2F 3-2: Base on Balls
|
Batting: RHB Gunner Allen
|
0-0: Foul Ball, location: 2F 0-1: Foul Ball, location: 2F 0-2: Ball Charles Lewis steals 2nd base 1-2: Ground out 6-3 (Groundball, 6S)
|
Bottom of the 2nd over - 0 runs, 0 hits, 0 errors, 1 left on base; Trenton 4 - Waba 4 |
TOP OF THE 3RD |
Trenton Stars batting - Pitching for Waba Ducks : RHP Duane Carlson
|
Batting: LHB Pat Zimmerman
|
0-0: Ball 1-0: Fly out, F7 (Flyball, 7LMF)
|
Batting: LHB Carl Hayden
|
0-0: Called Strike 0-1: Ball 1-1: Ball 2-1: Foul Ball, location: 2F 2-2: Ball 3-2: Foul Ball, location: 2F 3-2: Foul Ball, location: 2F 3-2: Foul Ball, location: 2F 3-2: Foul Ball, location: 2F 3-2: Foul Ball, location: 2F 3-2: SINGLE (Flyball, 89S)
|
Batting: LHB Gerardo Guzmán
|
0-0: Called Strike 0-1: Ball 1-1: Foul Ball, location: 2F 1-2: Fly out, F8 (Flyball, 8LM)
|
Batting: RHB Bill Bourland
|
0-0: Ball 1-0: Called Strike 1-1: Foul Ball, location: 2F 1-2: Ground out 4-3 (Groundball, 4)
|
Top of the 3rd over - 0 runs, 1 hit, 0 errors, 1 left on base; Trenton 4 - Waba 4 |
BOTTOM OF THE 3RD |
Waba Ducks batting - Pitching for Trenton Stars : RHP Darrell Stanley
|
Batting: RHB Gerald Burnett
|
0-0: Called Strike 0-1: SINGLE (Line Drive, 8LS)
|
Batting: RHB Jimmy Simon
|
0-0: Ball 1-0: 2-RUN HOME RUN (Flyball, 78XD), Distance : 375 ft
|
Batting: LHB Vincente Sáenz
|
0-0: Foul Ball, location: 2F 0-1: Ball 1-1: Ball 2-1: SINGLE (Line Drive, 7S)
|
Batting: RHB Juan Vareas
|
0-0: Ball 1-0: 2-RUN HOME RUN (Flyball, 7D), Distance : 364 ft
|
Batting: RHB Francisco Castillo
|
0-0: Ball 1-0: Ball 2-0: Ball 3-0: Called Strike 3-1: Called Strike 3-2: Foul Ball, location: 2F 3-2: Base on Balls
|
Pitching: LHP Pedro Orozco
|
|
Batting: SHB John May
|
0-0: Foul Ball, location: 2F 0-1: Called Strike 0-2: Strikes out looking Francisco Castillo steals 2nd base Batter strikes out.
|
Batting: RHB Jorge Castillo
|
0-0: Ball 1-0: Fly out, F9 (Flyball, 9S)
|
Batting: RHB Charles Lewis
|
0-0: Ball 1-0: Ball 2-0: Foul Ball, location: 2F 2-1: Ball 3-1: SINGLE (Groundball, 56D) Francisco Castillo to third Runner from 3rd tries for Home, SAFE, no throw
|
Batting: RHB Gunner Allen
|
0-0: Ball 1-0: Foul Ball, location: 2F 1-1: Ball 2-1: Ball 3-1: Foul Ball, location: 2F 3-2: Ground out 6-3 (Groundball, 6)
|
Bottom of the 3rd over - 5 runs, 5 hits, 0 errors, 1 left on base; Trenton 4 - Waba 9 |
TOP OF THE 4TH |
Trenton Stars batting - Pitching for Waba Ducks : RHP Duane Carlson
|
Batting: RHB Jorge Flores
|
0-0: Foul Ball, location: 2F 0-1: Ball 1-1: Foul Ball, location: 2F 1-2: Foul Ball, location: 2F 1-2: Ball 2-2: Ball 3-2: Strikes out swinging
|
Batting: RHB Dan McKay
|
0-0: SINGLE (Flyball, 8RS)
|
Batting: RHB Aurelio Cruz
|
0-0: Called Strike 0-1: Foul Ball, location: 2F 0-2: Grounds into double play, 5-4-3 (Groundball, 56)
|
Top of the 4th over - 0 runs, 1 hit, 0 errors, 0 left on base; Trenton 4 - Waba 9 |
BOTTOM OF THE 4TH |
Waba Ducks batting - Pitching for Trenton Stars : RHP Daniel Couch
|
Pitching: RHP Daniel Couch
|
|
Batting: RHB Gerald Burnett
|
0-0: Ball 1-0: Ball 2-0: Called Strike 2-1: Called Strike 2-2: Strikes out swinging, 2-3 out at first.
|
Batting: RHB Jimmy Simon
|
0-0: Ball 1-0: Swinging Strike 1-1: Ball 2-1: Ball 3-1: Base on Balls
|
Batting: LHB Vincente Sáenz
|
0-0: Foul Ball, location: 2F 0-1: Ball 1-1: Fly out, F8 (Flyball, 8RM)
|
Batting: RHB Juan Vareas
|
0-0: Foul Ball, location: 2F 0-1: Ground out 5-3 (Groundball, 56S)
|
Bottom of the 4th over - 0 runs, 0 hits, 0 errors, 1 left on base; Trenton 4 - Waba 9 |
TOP OF THE 5TH |
Trenton Stars batting - Pitching for Waba Ducks : RHP Duane Carlson
|
Batting: RHB George Reeves
|
0-0: Called Strike 0-1: Ball 1-1: SINGLE (Line Drive, 89S)
|
Batting: LHB Wes Thompson
|
0-0: Foul Ball, location: 2F 0-1: Fly out, F7 (Flyball, 7LD)
|
Batting: LHB Pat Zimmerman
|
0-0: Ball George Reeves steals 2nd base 1-0: Ground out 4-3 (Groundball, 34) George Reeves to third
|
Batting: LHB Carl Hayden
|
0-0: Called Strike 0-1: Ball 1-1: DOUBLE (Groundball, 5L) George Reeves scores
|
Batting: LHB Gerardo Guzmán
|
0-0: Called Strike 0-1: Ball 1-1: Called Strike 1-2: SINGLE (Groundball, 6M) (infield hit) Carl Hayden to third
|
Batting: RHB Bill Bourland
|
0-0: Called Strike 0-1: Foul Ball, location: 2F 0-2: Ball 1-2: Foul Ball, location: 2F 1-2: Strikes out swinging
|
Top of the 5th over - 1 run, 3 hits, 0 errors, 2 left on base; Trenton 5 - Waba 9 |
BOTTOM OF THE 5TH |
Waba Ducks batting - Pitching for Trenton Stars : RHP Daniel Couch
|
Batting: RHB Francisco Castillo
|
0-0: Called Strike 0-1: Called Strike 0-2: Foul Ball, location: 2F 0-2: Ball 1-2: SINGLE (Flyball, 89S)
|
Batting: SHB John May
|
0-0: Foul Ball, location: 2F 0-1: Foul Ball, location: 2F 0-2: Ball 1-2: Foul Ball, location: 2F 1-2: Strikes out swinging
|
Batting: RHB Jorge Castillo
|
0-0: Ball 1-0: Ball 2-0: Grounds into double play, 1-6-3 (Groundball, 13S)
|
Bottom of the 5th over - 0 runs, 1 hit, 0 errors, 0 left on base; Trenton 5 - Waba 9 |
TOP OF THE 6TH |
Trenton Stars batting - Pitching for Waba Ducks : RHP Duane Carlson
|
Batting: RHB Jorge Flores
|
0-0: Foul Ball, location: 2F
|
|
|
|
0-1: Foul Ball, location: 2F 0-2: Ball 1-2: Ball 2-2: Foul Ball, location: 2F 2-2: Ball 3-2: Fly out, F7 (Line Drive, 7D)
|
Pitching: RHP Mang Tow
|
|
Batting: RHB Dan McKay
|
0-0: Called Strike 0-1: Ball 1-1: Swinging Strike 1-2: Strikes out swinging
|
Batting: RHB Aurelio Cruz
|
0-0: Ball 1-0: Swinging Strike 1-1: Swinging Strike 1-2: Foul Ball, location: 2F 1-2: Ball 2-2: Ground out 4-3 (Groundball, 4)
|
Top of the 6th over - 0 runs, 0 hits, 0 errors, 0 left on base; Trenton 5 - Waba 9 |
BOTTOM OF THE 6TH |
Waba Ducks batting - Pitching for Trenton Stars : RHP Daniel Couch
|
Pitching: RHP Fernando Silva
|
|
Batting: RHB Charles Lewis
|
0-0: Swinging Strike 0-1: Called Strike 0-2: Ball 1-2: Ground out 5-3 (Groundball, 5L)
|
Batting: RHB Gunner Allen
|
0-0: Called Strike 0-1: Swinging Strike 0-2: Ball 1-2: Strikes out swinging
|
Batting: RHB Gerald Burnett
|
0-0: Ball 1-0: Called Strike 1-1: Ball 2-1: Called Strike 2-2: Strikes out swinging
|
Bottom of the 6th over - 0 runs, 0 hits, 0 errors, 0 left on base; Trenton 5 - Waba 9 |
TOP OF THE 7TH |
Trenton Stars batting - Pitching for Waba Ducks : RHP Mang Tow
|
Batting: RHB George Reeves
|
0-0: Ball 1-0: Fly out, F8 (Flyball, 8LD)
|
Batting: LHB Wes Thompson
|
0-0: Foul Ball, location: 2F 0-1: Swinging Strike 0-2: Foul Ball, location: 2F 0-2: Ball 1-2: Ground out 3-1 (Groundball, 34)
|
Batting: LHB Pat Zimmerman
|
0-0: SINGLE (Flyball, 78M)
|
Batting: LHB Carl Hayden
|
0-0: Ball 1-0: Ball 2-0: Foul Ball, location: 2F 2-1: Foul Ball, location: 2F 2-2: Reached on error, E6 (Groundball, 6) Pat Zimmerman to second
|
Batting: LHB Gerardo Guzmán
|
0-0: Called Strike 0-1: Foul Ball, location: 2F 0-2: Ball 1-2: Fly out, F7 (Flyball, 7)
|
Top of the 7th over - 0 runs, 1 hit, 1 error, 2 left on base; Trenton 5 - Waba 9 |
BOTTOM OF THE 7TH |
Waba Ducks batting - Pitching for Trenton Stars : RHP Fernando Silva
|
Batting: RHB Jimmy Simon
|
0-0: Ball 1-0: Ball 2-0: Foul Ball, location: 2F 2-1: Ball 3-1: Base on Balls
|
Batting: LHB Vincente Sáenz
|
0-0: Called Strike 0-1: Foul Ball, location: 2F 0-2: Foul Ball, location: 2F 0-2: Foul Ball, location: 2F 0-2: Ball 1-2: Foul Ball, location: 2F 1-2: Foul Ball, location: 2F 1-2: Foul Ball, location: 2F 1-2: Foul Ball, location: 2F 1-2: Grounds into double play, 1-4-3 (Groundball, 15S)
|
Batting: RHB Juan Vareas
|
0-0: Ball 1-0: Fly out, F7 (Flyball, 78M)
|
Bottom of the 7th over - 0 runs, 0 hits, 0 errors, 0 left on base; Trenton 5 - Waba 9 |
TOP OF THE 8TH |
Trenton Stars batting - Pitching for Waba Ducks : RHP Mang Tow
|
Batting: RHB Bill Bourland
|
0-0: Swinging Strike 0-1: Ball 1-1: Ball 2-1: Ball 3-1: Foul Ball, location: 2F 3-2: Foul Ball, location: 2F 3-2: Base on Balls
|
Batting: RHB Jorge Flores
|
0-0: Grounds into double play, 4-6-3 (Groundball, 4M)
|
Batting: RHB Dan McKay
|
0-0: Called Strike 0-1: TRIPLE (Line Drive, 9D)
|
Batting: RHB Aurelio Cruz
|
0-0: Ground out 5-3 (Groundball, 56)
|
Top of the 8th over - 0 runs, 1 hit, 0 errors, 1 left on base; Trenton 5 - Waba 9 |
BOTTOM OF THE 8TH |
Waba Ducks batting - Pitching for Trenton Stars : RHP Fernando Silva
|
Batting: RHB Francisco Castillo
|
0-0: SOLO HOME RUN (Flyball, 7LD), Distance : 337 ft
|
Batting: SHB John May
|
0-0: Ball 1-0: Foul Ball, location: 2F 1-1: Swinging Strike 1-2: Ball 2-2: Ball 3-2: Strikes out swinging
|
Batting: RHB Jorge Castillo
|
0-0: Ground out U3 (Groundball, 34)
|
Batting: RHB Charles Lewis
|
0-0: SINGLE (Groundball, 56D)
|
Batting: RHB Gunner Allen
|
0-0: Called Strike 0-1: Called Strike 0-2: Strikes out swinging
|
Bottom of the 8th over - 1 run, 2 hits, 0 errors, 1 left on base; Trenton 5 - Waba 10 |
TOP OF THE 9TH |
Trenton Stars batting - Pitching for Waba Ducks : RHP Mang Tow
|
Batting: RHB George Reeves
|
0-0: Foul Ball, location: 2F 0-1: Ball 1-1: Foul Ball, location: 2F 1-2: Fly out, F5 (Line Drive, 56)
|
Batting: LHB Wes Thompson
|
0-0: Reached on error, E6 (Groundball, 6)
|
Batting: LHB Pat Zimmerman
|
0-0: Called Strike 0-1: Foul Ball, location: 2F 0-2: Ball 1-2: Ball 2-2: Foul Ball, location: 2F 2-2: Foul Ball, location: 2F 2-2: Fly out, F9 (Flyball, 89XD) Runner from 2nd tags up, SAFE at 3rd, no throw
|
Batting: LHB Carl Hayden
|
0-0: Ground out 6-3 (Groundball, 6)
|
Top of the 9th over - 0 runs, 0 hits, 1 error, 1 left on base; Trenton 5 - Waba 10 |
|
Saturday, April 7th, 2018 - OOTP Baseball 18.8 Build 76
|
|